 Dungeon Sprint DCSS version 0.23.0-3-gf3c87f2 (webtiles) character file.

Game seed: 11471582294043205352

3900000 Fang the Spry (level 9, -33/55 HPs)
             Began as a Felid Berserker on Feb 21, 2019.
             Was an Initiate of Makhleb.
             Annihilated by a meat berserker
             ... wielding a +9 battleaxe
              (44 damage)
             ... in the Dungeon (Sprint VIII: "Arena of Blood").
             The game lasted 00:00:31 (39 turns).

Fang the Spry (Felid Berserker)                       Turns: 39, Time: 00:00:31

Health: -33/55     AC:  2    Str: 13    XL:     9   Next: 71%
Magic:  10/10      EV: 36    Int:  9    God:    Makhleb [......]
Gold:   0          SH:  0    Dex: 19    Spells: 8/8 levels left
                                        Lives:  0   Deaths: 2

rFire    . . .     SeeInvis +     - Unarmed
rCold    . . .     Gourm    .   (shield unavailable)
rNeg     . . .     Faith    .   (armour unavailable)
rPois    .         Spirit   .   (helmet unavailable)
rElec    .         Reflect  .   (cloak unavailable)
rCorr    .         Harm     .   (gloves unavailable)
MR       +....     NoTele   +   (boots unavailable)
Stlth    ++........             (no amulet)
HPRegen  0.18/turn              (no ring)
MPRegen  0.12/turn              (no ring)

@: quick
A: very small, no armour, no weapons or thrown items, stealth, claws 1, fangs 3,
see invisible, carnivore, speed 1, shaggy fur 2, slow metabolism 1, sharp paws
a: Renounce Religion


You were in the Dungeon.
You worshipped Makhleb.
Makhleb was noncommittal.
You were not hungry.

You visited 1 branch

Inventory:

Scrolls
 g - a scroll of blinking
Potions
 b - a potion of curing
 c - a potion of heal wounds
 d - a potion of haste
 e - 2 potions of magic
 f - a potion of berserk rage
Comestibles
 a - a ration


   Skills:
 + Level 16.6 Fighting
 + Level 20.6 Dodging
 + Level 16.7 Unarmed Combat


You had 8 spell levels left.
You didn't know any spells.
Your spell library was empty.

Dungeon Overview and Level Annotations

Branches:
Dungeon (1/1)

Altars:
Makhleb


Innate Abilities, Weirdness & Mutations

You cannot wear armour.
You are incapable of wielding weapons or throwing items.
Your paws allow you to move quietly. (Stealth)
You have sharp claws.
You have razor-sharp teeth.
You have supernaturally acute eyesight. (SInv)
You are carnivorous and can eat meat at any time.
You cover ground quickly.
You are covered in thick fur. (AC +2)
You have a slow metabolism.
Your sharp claws are effective at attacking unaware monsters.


Message History

You hear a shout! x2
The bag of meat shouts!
You hear a shout! x4
The bag of meat hits you with a +9 war axe!
You hear a shout! x2
You closely miss the bag of meat.
The bag of meat shouts!
You bite the bag of meat.
The bag of meat is lightly wounded.
You hear a shout! x5
The meat berserker hits you with a +9 battleaxe!!
Ouch! That really hurt!
* * * LOW HITPOINT WARNING * * *
The bag of meat closely misses you. The bag of meat completely misses you.
You hear a shout!
You mangle the meat berserker!!
The meat berserker is lightly wounded.
You hear a shout! x3
The meat berserker hits you with a +9 battleaxe!!!
Ouch! That really hurt!
You die...

......#..=..# ..oo..# #
......#o.<._#..........
.....o#.o.†.#......#.#.
#.o...ooo_...o.........
ooo...oo###..o......#.#
.o.###ooo....###.......
. #..ooo..#..o......
.#..oooO.#.........
......oo@O.O..o.....
........o..O...#...#.
...............#....#
.............##.....#
o..#...o....#. ....#..
.........#...###...
#.#........... ..
..............


You could see a large bag of meat (inner flame), 3 meat berserkers and 22 bags
of meat.

Vanquished Creatures
  An orc (D)
1 creature vanquished.

Notes
Turn   | Place    | Note
-------+----------+-------------------------------------------
     0 | D        | Fang the Felid Berserker began the quest for the Orb.
     0 | D        | Reached XP level 1. HP: 10/10 MP: 2/2
     2 | D        | Noticed a bag of meat
     4 | D        | Fell from the grace of Trog
     4 | D        | Became a worshipper of Makhleb the Destroyer
     4 | D        | Noticed a bag of meat
     6 | D        | Noticed a bag of meat
     7 | D        | Noticed a bag of meat
    11 | D        | Noticed a bag of meat
    12 | D        | Noticed a bag of meat
    14 | D        | Killed a bag of meat
    14 | D        | Reached skill level 20 in Dodging
    14 | D        | Reached XP level 2. HP: 27/27 MP: 3/3
    14 | D        | Reached XP level 3. HP: 31/31 MP: 4/4
    14 | D        | Reached XP level 4. HP: 35/35 MP: 5/5
    14 | D        | Reached XP level 5. HP: 39/39 MP: 6/6
    14 | D        | Gained mutation: You are covered in thick fur. (AC +2)
                  | [Felid growth]
    14 | D        | Reached XP level 6. HP: 43/43 MP: 7/7
    14 | D        | Reached XP level 7. HP: 47/47 MP: 8/8
    14 | D        | Reached XP level 8. HP: 51/51 MP: 9/9
    14 | D        | Reached XP level 9. HP: 55/55 MP: 10/10
    14 | D        | Reached XP level 10. HP: 59/59 MP: 11/11
    14 | D        | Reached XP level 11. HP: 63/63 MP: 12/12
    16 | D        | Noticed a bag of meat
    18 | D        | Noticed a bag of meat
    20 | D        | Noticed a bag of meat
    21 | D        | Slain by a bag of meat
    22 | D        | Reached XP level 10. HP: -4/59 MP: 11/11
    22 | D        | Noticed a bag of meat
    22 | D        | Noticed a bag of meat
    23 | D        | Noticed a bag of meat
    23 | D        | Noticed a meat berserker
    24 | D        | Noticed a bag of meat
    26 | D        | Noticed a bag of meat
    26 | D        | Noticed a bag of meat
    26 | D        | Noticed a bag of meat
    27 | D        | Noticed a bag of meat
    27 | D        | Noticed a bag of meat
    28 | D        | Noticed a bag of meat
    30 | D        | Mangled by a meat berserker
    30 | D        | Noticed a bag of meat
    31 | D        | Reached XP level 9. HP: -9/55 MP: 10/10
    31 | D        | Noticed a large bag of meat
    31 | D        | Noticed a bag of meat
    31 | D        | Noticed a meat berserker
    31 | D        | Noticed a bag of meat
    31 | D        | Noticed a bag of meat
    31 | D        | Noticed a bag of meat
    31 | D        | Noticed a bag of meat
    31 | D        | Noticed a meat berserker
    32 | D        | Noticed a meat berserker
    32 | D        | Noticed a bag of meat
    35 | D        | Noticed a bag of meat
    39 | D        | Annihilated by a meat berserker

Skill      XL: |  1 |
---------------+----+-----
Fighting       | 16 | 16.6
Dodging        | 20 | 20.6
Unarmed Combat | 16 | 16.7

Action                   |  1- 3 |  4- 6 |  7- 9 | 10-12 || total
-------------------------+-------+-------+-------+-------++-------
Melee: Unarmed           |     1 |       |     2 |     8 ||    11
       Bite              |       |       |     1 |     3 ||     4
       Punch             |       |       |       |     2 ||     2
Dodge: Dodged            |       |       |     2 |     7 ||     9
